 Dungeon Sprint DCSS version 0.20-a0-556-g892c87b (webtiles) character file.

4633 Kidiri the Eclecticist (level 10, -13/61 HPs)
             Began as a Deep Elf Fire Elementalist on Feb 4, 2017.
             Was a High Priest of Vehumet.
             Killed from afar by an orc sorcerer (35 damage)
             ... with a bolt of negative energy
             ... in the Dungeon (Sprint V: "Ziggurat Sprint").
             The game lasted 00:05:33 (919 turns).

Kidiri the Eclecticist (Deep Elf Fire Elementalist)  Turns: 919, Time: 00:05:34

Health: -13/61     AC:  2    Str:  5    XL:     10   Next: 20%
Magic:  27/37      EV: 18    Int: 40    God:    Vehumet [*****.]
Gold:   0          SH:  0    Dex: 15    Spells: 3/39 levels left

rFire    . . .     SeeInvis .   m - +6 Majin-Bo {vamp, Archmagi MP+6 Int+6}
rCold    . . .     Gourm    .   a - +0 robe
rNeg     . . .     Faith    .   (shield currently unavailable)
rPois    .         Spirit   .   (no helmet)
rElec    .         Reflect  .   (no cloak)
rCorr    .         Harm     .   (no gloves)
MR       ++...     NoTele   +   (no boots)
Stlth    ++........             (no amulet)
Regen    0.2/turn               B - +6 ring of intelligence
                                A - +6 ring of intelligence

@: studying Evocations, drained
A: fangs 1, dopey 1, magic resistance 1
a: Renounce Religion


You were in the Dungeon.
You worshipped Vehumet.
Vehumet was extremely pleased with you.
You were not hungry.

You visited 1 branch

Inventory:

Hand Weapons
 m - the +6 Majin-Bo (weapon) {vamp, Archmagi MP+6 Int+6}
   (You found it in the Dungeon)

   It inflicts no extra harm, but heals its wielder when it wounds a living foe.
   It affects your intelligence (+6).
   It affects your magic capacity (+6).
Armour
 a - a +0 robe (worn)
Jewellery
 y - a +6 ring of dexterity
 z - a +6 ring of dexterity
 A - a +6 ring of intelligence (left hand)
 B - a +6 ring of intelligence (right hand)
 C - a +6 ring of strength
 D - a +6 ring of strength
 L - an uncursed ring of positive energy
Wands
 E - a wand of disintegration (7/24)
 F - a wand of iceblast (5/15)
 G - a wand of lightning (5/15)
 H - a wand of acid (5/15)
Scrolls
 i - 4 scrolls of blinking
 p - 4 scrolls of amnesia
 q - 3 scrolls of recharging
 r - 7 scrolls of fog
 s - a scroll of holy word
 t - 5 scrolls of identify
 u - 5 scrolls of remove curse
 v - 2 scrolls of fear
Potions
 d - 9 potions of curing
 e - 11 potions of heal wounds
 f - 6 potions of haste
 g - 7 potions of magic
 h - 3 potions of berserk rage
 j - 2 potions of brilliance
 k - 2 potions of invisibility
 l - 4 potions of resistance
 n - 5 potions of agility
 o - 5 potions of might
Books
 b - a book of Flames

   Spells                             Type                      Level
   a - Flame Tongue                   Conjuration/Fire             1
   b - Throw Flame                    Conjuration/Fire             2
   c - Conjure Flame                  Conjuration/Fire             3
   d - Inner Flame                    Hexes/Fire                   3
   e - Sticky Flame                   Conjuration/Fire             4
   f - Fireball                       Conjuration/Fire             5
 J - a book of Fire

   Spells                             Type                      Level
   a - Ignite Poison                  Fire/Transmutation/Poison    3
   b - Fireball                       Conjuration/Fire             5
   c - Bolt of Fire                   Conjuration/Fire             6
   d - Delayed Fireball               Conjuration/Fire             7
   e - Ring of Flames                 Charms/Fire                  7
 K - a manual of Evocations
Comestibles
 c - 5 bread rations
 w - 35 fruits
 x - 4 meat rations
 I - 3 chunks of flesh


   Skills:
 + Level 6.4(5.7) Fighting
 + Level 7.7(6.9) Staves
 + Level 6.4(5.7) Armour
 + Level 9.5(8.8) Dodging
 - Level 2.4(1.8) Stealth
 * Level 15.1(14.2) Spellcasting
 + Level 9.4(8.6) Conjurations
 * Level 5.3(4.6) Charms
 + Level 9.9(9.1) Fire Magic
 + Level 9.7(9.0) Evocations


You had 3 spell levels left.
You knew the following spells:

 Your Spells              Type           Power        Failure   Level  Hunger
a - Flame Tongue          Conj/Fire      #####        1%          1    None
b - Throw Flame           Conj/Fire      ######       1%          2    None
c - Conjure Flame         Conj/Fire      ########     1%          3    None
d - Inner Flame           Hex/Fire       #######.     1%          3    None
e - Ignite Poison         Fire/Tmut/Pois ######..     1%          3    None
f - Sticky Flame          Conj/Fire      ########     1%          4    None
g - Fireball              Conj/Fire      ########..   1%          5    None
h - Bolt of Fire          Conj/Fire      ########..   1%          6    None
i - Delayed Fireball      Conj/Fire      N/A          7%          7    ####...
j - Ring of Flames        Chrm/Fire      #######...   71%         7    ####...


Dungeon Overview and Level Annotations

Branches:
Dungeon (1/1)

Altars:
Ashenzari
Cheibriados
Dithmenos
Elyvilon
Fedhas
Gozag
Hepliaklqana
Kikubaaqudgha
Makhleb
Nemelex Xobeh
Okawaru
Qazlal
Ru
Sif Muna
Trog
Uskayaw
Vehumet
Xom
Yredelemnul
Zin
The Shining One
Beogh
Jiyva
Lugonu


Innate Abilities, Weirdness & Mutations

You have very sharp teeth.
You are dopey. (Int -2)
You are resistant to hostile enchantments. (MR+)


Message History

Press: ? - help, Shift-Dir - straight line, f - deep elf death mage
Aim: a deep elf death mage, wielding a long sword (moderately wounded)
You feel a surge of power!
The fireball explodes!
The fireball engulfs the deep elf death mage.
The deep elf death mage is heavily wounded.
The fireball engulfs the deep elf mage.
You kill the deep elf mage!
Vehumet accepts your kill.
You feel your power returning.
Your life force feels restored.
Your Spellcasting skill increases to level 15!
Your Charms skill increases to level 5!
The fireball engulfs the deep elf knight.
The deep elf knight is almost dead.
The fireball engulfs the chaos spawn.
The chaos spawn is severely wounded.
The orc sorcerer points at you and mumbles some strange words.
The bolt of negative energy hits you!
You feel drained.
Ouch! That really hurt!
You die...

▓...)|..▓
▓..=::..▓
▓...e...▓
▓.o|4...▓
▓...e..*▓
▓...e...▓
▓.......▓
▓...@§..▓
▓▓▓▓▓▓▓▓▓


You could see a deep elf death mage, a deep elf knight, a deep elf mage, a chaos
spawn, an orc sorcerer and a lost soul.

Vanquished Creatures
  A two-headed ogre (D)
  4 deep elf magi (D)
  A cyclops (D)
  A spiny frog (D)
  A troll (D)
  A jumping spider (D)
  A redback (shapeshifter) (D)
  An air elemental (D)
  A basilisk (D)
  A golden eye (D)
  An eye of draining (D)
  2 ogres (D)
  3 wolves (D)
  A crocodile (D)
  3 scorpions (D)
  3 orcs (D)
26 creatures vanquished.

Notes
Turn   | Place    | Note
-------+----------+-------------------------------------------
     0 | D        | Kidiri the Deep Elf Fire Elementalist began the quest for the Orb.
     0 | D        | Reached XP level 1. HP: 10/10 MP: 6/6
     0 | D        | Found a deep blue altar of Sif Muna.
     0 | D        | Found a sacrificial altar of Ru.
     0 | D        | Found a bloodstained altar of Trog.
     0 | D        | Found a stormy altar of Qazlal.
     0 | D        | Found an iron altar of Okawaru.
     0 | D        | Found a sparkling altar of Nemelex Xobeh.
     0 | D        | Found a blossoming altar of Fedhas.
     2 | D        | Found an ancient bone altar of Kikubaaqudgha.
     2 | D        | Found a viscous altar of Jiyva.
     2 | D        | Found a corrupted altar of Lugonu.
     2 | D        | Found a hazy altar of Hepliaklqana.
     2 | D        | Found a burning altar of Makhleb.
     2 | D        | Found an opulent altar of Gozag.
    12 | D        | Banished a spatial maelstrom
    48 | D        | Became a worshipper of Vehumet
    49 | D        | Reached skill level 7 in Spellcasting
    49 | D        | Reached skill level 5 in Fire Magic
    49 | D        | Reached XP level 2. HP: 15/15 MP: 6/12
    53 | D        | Learned a level 2 spell: Throw Flame
   129 | D        | Entered arena 1.
   129 | D        | Noticed a golden eye
   129 | D        | Noticed an eye of draining
   163 | D        | Killed a golden eye
   163 | D        | Reached skill level 9 in Spellcasting
   163 | D        | Reached skill level 5 in Conjurations
   163 | D        | Reached XP level 3. HP: 21/21 MP: 1/15
   163 | D        | Reached XP level 4. HP: 26/26 MP: 1/17
   163 | D        | Reached XP level 5. HP: 30/30 MP: 1/18
   175 | D        | Killed an eye of draining
   307 | D        | Learned a level 3 spell: Conjure Flame
   311 | D        | Learned a level 3 spell: Inner Flame
   316 | D        | Learned a level 4 spell: Sticky Flame
   322 | D        | Learned a level 5 spell: Fireball
   329 | D        | Entered arena 2.
   330 | D        | Reached * piety under Vehumet
   330 | D        | Offered knowledge of Sandblast by Vehumet.
   348 | D        | Learned a level 3 spell: Ignite Poison
   372 | D        | Entered arena 3.
   372 | D        | Noticed a jumping spider
   373 | D        | Killed a jumping spider
   373 | D        | Reached ** piety under Vehumet
   373 | D        | Reached skill level 5 in Dodging
   373 | D        | Reached skill level 10 in Spellcasting
   373 | D        | Reached XP level 6. HP: 37/37 MP: 21/21
   374 | D        | Reached skill level 11 in Spellcasting
   374 | D        | Reached XP level 7. HP: 35/41 MP: 22/23
   374 | D        | Reached skill level 5 in Evocations
   459 | D        | Learned a level 6 spell: Bolt of Fire
   459 | D        | Entered arena 4.
   459 | D        | Noticed a deep elf mage
   459 | D        | Noticed a deep elf mage
   459 | D        | Noticed a deep elf mage
   459 | D        | Noticed a redback
   461 | D        | Killed a deep elf mage
   461 | D        | Offered knowledge of Magic Dart by Vehumet.
   461 | D        | Reached *** piety under Vehumet
   461 | D        | Reached skill level 5 in Staves
   461 | D        | Reached skill level 12 in Spellcasting
   461 | D        | Killed a redback
   461 | D        | Reached XP level 8. HP: 42/48 MP: 22/26
   461 | D        | Killed a deep elf mage
   463 | D        | Killed a deep elf mage
   463 | D        | Reached skill level 5 in Fighting
   463 | D        | Reached skill level 5 in Armour
   463 | D        | Reached skill level 13 in Spellcasting
   479 | D        | Gained mutation: You have very sharp teeth. [mutagenic meat]
   480 | D        | Gained mutation: You are dopey. (Int -2) [mutagenic meat]
   481 | D        | Gained mutation: You are resistant to hostile enchantments. (MR+) [mutagenic meat]
   664 | D        | Learned a level 7 spell: Delayed Fireball
   665 | D        | Entered arena 5.
   665 | D        | Noticed a cyclops
   665 | D        | Noticed a troll
   665 | D        | Noticed a two-headed ogre
   667 | D        | Killed a two-headed ogre
   667 | D        | Offered knowledge of Static Discharge by Vehumet.
   667 | D        | Reached **** piety under Vehumet
   667 | D        | Reached skill level 14 in Spellcasting
   667 | D        | Reached XP level 9. HP: 49/54 MP: 18/29
   667 | D        | Killed a cyclops
   668 | D        | Killed a troll
   670 | D        | Reached ***** piety under Vehumet
   692 | D        | Learned a level 7 spell: Ring of Flames
   779 | D        | Entered arena 6.
   779 | D        | Noticed a spiny frog
   780 | D        | Reached skill level 1 in Charms
   783 | D        | Killed a spiny frog
   783 | D        | Reached XP level 10. HP: 55/60 MP: 30/30
   914 | D        | Entered arena 7.
   914 | D        | Noticed an orc sorcerer
   914 | D        | Noticed a deep elf mage
   914 | D        | Noticed a deep elf mage
   914 | D        | Noticed a deep elf death mage
   914 | D        | Noticed a deep elf knight
   918 | D        | Offered knowledge of Dazzling Spray by Vehumet.
   919 | D        | Killed a deep elf mage
   919 | D        | Reached skill level 15 in Spellcasting
   919 | D        | Reached skill level 5 in Charms
   919 | D        | Killed from afar by an orc sorcerer

Vault maps used:
D:        sprint_v

Skill      XL: |  1  2  3  4  5  6  7  8  9 10 |
---------------+-------------------------------+-----
Spellcasting   | 7 9 10 11 12 14 15 | 15.1
Conjurations   | 4 5 6 7 8 9 |  9.4
Fire Magic     | 5 6 7 8 9 |  9.9
Fighting       | 2 3 4 5 6 |  6.4
Staves         | 2 4 5 6 7 |  7.7
Armour         | 2 3 4 5 6 |  6.4
Dodging        | 4 5 7 8 9 |  9.5
Evocations     | 2 4 6 8 9 |  9.7
Charms         | 3 5 |  5.3
Stealth        | |  2.4

Action                   |  1- 3 |  4- 6 |  7- 9 | 10-12 || total
-------------------------+-------+-------+-------+-------++-------
Melee: Quarterstaff      |    16 |    12 |       |     3 ||    31
       Bite              |       |       |       |     1 ||     1
 Cast: Flame Tongue      |     1 |     1 |     1 |       ||     3
       Fireball          |       |     2 |     7 |     2 ||    11
       Bolt of Fire      |       |       |     1 |     1 ||     2
       Sticky Flame      |       |       |     1 |     2 ||     3
  Use: Potion            |     2 |       |     1 |     2 ||     5
  Eat: Fruit             |     2 |     5 |       |       ||     7
       Chunk             |       |       |     3 |       ||     3
Dodge: Dodged            |       |       |     3 |     9 ||    12
